 Dungeon Crawl Stone Soup version 0.30-a0-782-ge64f9170bb (webtiles) character file.

Game seed: 6695585602480684566

19 Flugslaktarn the Shield-Bearer (level 2, 0/27 HPs)
             Began as a Minotaur Fighter on Feb 18, 2023.
             Slain by Natasha (5 damage)
             ... on level 2 of the Dungeon.
             The game lasted 00:00:22 (925 turns).

Flugslaktarn the Shield-Bearer (Minotaur Fighter)    Turns: 925, Time: 00:00:23

Health: 0/27       AC:  7    Str: 20    XL:     2   Next: 55%
Magic:  1/1        EV:  9    Int:  5    God:
Gold:   109        SH:  4    Dex:  9    Spells: 1/1 levels left

rFire   . . .      SeeInvis .    a - +0 war axe
rCold   . . .      Faith    .    c - +0 buckler
rNeg    . . .      Spirit   .    b - +0 scale mail
rPois   .          Reflect  .    (helmet restricted)
rElec   .          Harm     .    (no cloak)
rCorr   .          Rampage  .    (no gloves)
Will    .....                    (no boots) Stlth
                                 (no amulet)
HPRegen 0.24/turn                (no ring)
MPRegen 0.07/turn                (no ring)

@: slowed, very slow
A: horns 2, retaliatory headbutt
a: no special abilities


You were on level 2 of the Dungeon.
You visited 1 branch of the dungeon, and saw 2 of its levels.

You collected 109 gold pieces.

Inventory:

Hand Weapons
 a - a +0 war axe (weapon)
Armour
 b - a +0 scale mail (worn)
 c - a +0 buckler (worn)
Scrolls
 e - a scroll of amnesia {unknown}
 f - a scroll of enchant weapon {unknown}
 g - a scroll of noise {unknown}
Potions
 d - a potion of might
 h - a potion of brilliance {unknown}
 i - a potion of degeneration {unknown}


   Skills:
 + Level 3.9 Fighting
 + Level 2.8 Axes
 + Level 3.9 Armour
 + Level 4.0 Shields


You had one spell level left.
You didn't know any spells.
Your spell library was empty.

Dungeon Overview and Level Annotations

Branches:
Dungeon (2/15)

Altars:

Shops:
D:2 (

Annotations:
D:2 Natasha


Innate Abilities, Weirdness & Mutations

You have a pair of horns on your head.
You reflexively headbutt those who attack you in melee.


Message History

There is an open door here.
Done exploring.
Done exploring.
Done exploring.
Done exploring.
No target in view!
No target in view!
No target in view!
No target in view!
No target in view!
(D) Dungeon
Where to? (? - help)
There is a stone staircase leading down here.
You climb downwards.
Found a stone staircase leading up.
There is a stone staircase leading up here.
Unknown command.
There is a stone staircase leading up here.
You now have 97 gold pieces (gained 9).
A rat comes into view.
The rat moves out of view.
A rat is nearby!
A rat is nearby!
You block the rat's attack.
You barely miss the rat. You headbutt the rat.
You kill the rat!
No target in view!
No target in view!
No target in view!
No target in view!
No target in view!
No target in view!
Found a robe.
Found a stone staircase leading down.
Found Xiji's Antique Weapon Boutique.
You now have 109 gold pieces (gained 12).
There is an entrance to Xiji's Antique Weapon Boutique here.
You can access your shopping list by pressing '$'.
Natasha, Servant of Life and Death comes into view.
Found 13 gold pieces.
Natasha hisses angrily.
Natasha stares at you and mumbles some strange words.
You feel yourself slow down.
Natasha is nearby!
Natasha is nearby!
Natasha is nearby!
Found a scroll labelled XAYCUI ROROPUT.
Natasha stares at you and mumbles some strange words.
The magic dart hits you. Natasha casts a spell at you.
The magic dart hits you but does no damage.
Natasha mumbles some strange words.
You barely miss the crimson imp. The crimson imp hits you. x2
You closely miss the crimson imp.
The crimson imp hits you but does no damage.
The crimson imp closely misses you.
You barely miss the crimson imp. You block the crimson imp's attack.
Natasha wildly gestures.
Natasha shimmers violently.
The crimson imp blinks!
Natasha mumbles some strange words.
Natasha casts a spell at you.
You feel as though you will be slow longer.
You hit Natasha. Your headbutt misses Natasha.
Natasha is lightly wounded.
Natasha extends her claws.
Natasha claws you! Natasha claws you. The crimson imp closely misses you.
You furiously retaliate!
You headbutt the crimson imp. You closely miss the crimson imp.
The crimson imp is moderately wounded.
You hit Natasha. Natasha completely misses you.
The crimson imp shouts, "Take thy face hence, thou gleeking sow-suckled lout!"
The crimson imp barely misses you.
Natasha casts a spell.
The crimson imp hits you but does no damage.
You closely miss the crimson imp.
The crimson imp is moderately wounded.
You hit Natasha. Natasha claws you!
* * * LOW HITPOINT WARNING * * *
The crimson imp barely misses you.
Natasha stares at you and mumbles some strange words.
You feel as though you will be slow longer.
The crimson imp hits you.
* * * LOW HITPOINT WARNING * * *
You are too injured to fight recklessly!
You are too injured to fight recklessly!
You are too injured to fight recklessly!
You are too injured to fight recklessly!
You are too injured to fight recklessly!
You are too injured to fight recklessly!
You are too injured to fight recklessly!
You are too injured to fight recklessly!
You are too injured to fight recklessly!
Unknown command.
You hit Natasha but do no damage. Your headbutt misses Natasha.
Natasha is heavily wounded.
You closely miss the crimson imp.
The crimson imp disappears in a puff of smoke!
Natasha claws you.
You die...

#.# #.# #.# #?# #.#5#
#.#5# #.#h# #.#@# #.#§#
####### #.#.#
##.#.#.#######.#.###...
......∩..........$..P..P
.....#.#######.#.###....
.....#.........#$# ..
###..###########.#
...... ..#


You could see Natasha and 2 crimson imps.

Vanquished Creatures
  A dart slug (D:1)
  A bat (D:1)
  A goblin (D:1)
  5 hobgoblins (D:1)
  2 kobolds (D:1)
  A quokka (D:1)
  2 ball pythons (D:1)
  A frilled lizard (D:1)
  A rat (D:2)
15 creatures vanquished.

Notes
Turn   | Place    | Note
-------+----------+-------------------------------------------
     0 | D:1      | Flugslaktarn the Minotaur Fighter began the quest for the
                  | Orb.
     0 | D:1      | Reached XP level 1. HP: 19/19 MP: 0/0
   124 | D:1      | Reached XP level 2. HP: 27/27 MP: 1/1
   245 | D:1      | Found a faded altar of an unknown god.
   567 | D:1      | Reached skill level 4 in Shields
   895 | D:2      | Found Xiji's Antique Weapon Boutique.
   914 | D:2      | Noticed Natasha
   917 | D:2      | Noticed a crimson imp
   921 | D:2      | Noticed a crimson imp
   924 | D:2      | Noticed a crimson imp
   925 | D:2      | Slain by Natasha

Illustrated notes

Levels and vault maps discovered:
D:1:      psy_arrival_spokes, layout_basic, dilly_ecumenical_altar_fadedgnrine,
          kennysheep_pointless_box, chequers_serial_rivers_micro_e,
          nicolae_figureground_sparkle
D:2:      layout_basic, serial_shops, shop, serial_undead, serial_undead_f,
          serial_undead_b, serial_undead_c, serial_undead_f, serial_undead_d,
          serial_undead_e, serial_undead_c, uniq_crazy_yiuf_cottage,
          uniq_natasha

Skill      XL: |  1  2 |
---------------+-------+-----
Shields        | 4 |  4.0
Fighting       | |  3.9
Axes           | |  2.8
Armour         | |  3.9

Action                     || total
---------------------------++-------
  Melee: War axe           ||    33
         Headbutt          ||     2
 Armour: Scale mail        ||    13
  Dodge: Dodged            ||    16
  Block: Buckler           ||     7

Table legend: (Time is in decaauts)
 A = Elapsed time spent in this place.
 B = Non-inter-level travel time spent in this place.
 C = Inter-level travel time spent in this place.
 D = Time resting spent in this place.
 E = Time spent auto-exploring this place.
 F = Levels seen in this place.
 G = Mean time per level.
                   A        B        C        D        E       F      G
               +--------+--------+--------+--------+--------+-----+--------+
         Total |    943 |    940 |      3 |      0 |    826 |   2 |  471.5 |
       Dungeon |    943 |    940 |      3 |      0 |    826 |   2 |  471.5 |
               +--------+--------+--------+--------+--------+-----+--------+

Top non-repeatable levels by time:
     D:1: 830 daAuts
     D:2: 113 daAuts
